 Dungeon Crawl Stone Soup version 0.29.0-7-g18a832c13a (webtiles) character file.

Game seed: 11868824384519447037

665 greasedhog the Cudgeller (level 7, 0/44 HPs)
             Began as a Gargoyle Berserker on Sept 1, 2022.
             Was a Priest of Trog.
             Slain by Dowan
             ... wielding a +0 dagger
              (4 damage)
             ... on level 4 of the Dungeon.
             The game lasted 00:07:28 (4946 turns).

greasedhog the Cudgeller (Gargoyle Berserker)       Turns: 4946, Time: 00:07:29

Health: 0/44       AC: 12    Str: 23    XL:     7   Next: 57%
Magic:  7/7        EV: 10    Int:  7    God:    Trog [***...]
Gold:   202        SH:  0    Dex:  9    Spells: 6/6 levels left

rFire   . . .      SeeInvis .   a - +1 mace
rCold   . . .      Faith    .   (no shield)
rNeg    + . .      Spirit   .   e - +0 scale mail
rPois   ∞          Reflect  .   h - +0 helmet
rElec   +          Harm     .   (no cloak)
rCorr   .          Rampage  .   (no gloves)
Will    .....                   (no boots)
Stlth   ..........              (no amulet)
HPRegen 0.14/turn               (no ring)
MPRegen 0.10/turn               (no ring)

@: on berserk cooldown, slowed, very slow
A: sickness immunity, AC +4, negative energy resistance 1, electricity
resistance, torment resistance 1, petrification resistance
a: Renounce Religion, Berserk, Trog's Hand


You were on level 4 of the Dungeon.
You worshipped Trog.
Trog was most pleased with you.
You visited 1 branch of the dungeon, and saw 4 of its levels.

You collected 202 gold pieces.

Inventory:

Hand Weapons
 a - a +1 mace (weapon)
Armour
 e - a +0 scale mail (worn)
 h - a +0 helmet (worn)
Jewellery
 k - an amulet of the acrobat
Wands
 c - a wand of paralysis (8)
 m - a wand of roots (3)
Scrolls
 b - 3 scrolls of poison
 g - a scroll of enchant armour
 i - a scroll of identify
Potions
 d - a potion of mutation {unknown}
 f - a potion of lignification {unknown}
 l - a potion of cancellation
 n - a potion of attraction


   Skills:
 - Level 5.5 Fighting
 * Level 6.4 Maces & Flails
 - Level 2.1 Armour
 - Level 1.5 Dodging
 * Level 3.3 Evocations


You had 6 spell levels left.
You didn't know any spells.
Your spell library was empty.

Dungeon Overview and Level Annotations

Branches:
Dungeon (4/15)
 Temple: D:4-7

Altars:

Annotations:
D:4 Dowan


Innate Abilities, Weirdness & Mutations

You are immune to sickness and miasma.
Your stone body is resilient. (AC +4)
You are immune to poison.
You resist negative energy. (rN+)
You are resistant to electric shocks. (rElec)
You are resistant to unholy torment.
You are immune to petrification.


Message History

You closely miss the quokka.
Dowan seems to find hidden reserves of power!
The quokka barely misses you.
Dowan casts a spell.
Dowan blinks!
Things that are here:
a +1 short sword of draining; a +0 leather armour; the elf corpse of Duvessa You thump the quokka!
You kill the quokka!
Trog accepts your kill. Dowan gestures at you while chanting.
The shard of ice hits you!
You feel a strong urge to attack something.
Dowan barely misses you.
You hit Dowan.
Dowan is heavily wounded.
Dowan closely misses you.
You completely miss Dowan.
Dowan is heavily wounded.
Dowan breathes, "And she was my only..."
Dowan hits you but does no damage.
You sock Dowan!
Dowan is almost dead.
Dowan hits you with a +0 dagger.
Dowan gestures wildly while chanting.
Dowan blinks!
You are no longer berserk.
You are exhausted.
You feel yourself slow down.
Throw: throwing net
Press: ? - help, Q - select action, (/) - cycle Shift-Dir - straight line, f - Dowan
Aim: Dowan, wielding a +0 dagger and wearing a +0 robe (almost dead, fast, 43% to hit)
You throw a throwing net. The throwing net misses Dowan.
Dowan points at you and mumbles some strange words.
The stone arrow hits you!
* * * LOW HITPOINT WARNING * * *
You closely miss Dowan.
Dowan is almost dead.
Dowan hits you but does no damage. Dowan hits you with a +0 dagger.
You die...

#......# #..#⌠.
##.##### ### #..##.
#.# #.. #...## #.#
#.# ##...# #)# #.#
#.... #)# ######.###
#....
#.####)###........#
##.#.
.............##...#.#
##.##
#.###...#....)..@e.(#
#....
#......##'#####..#
#.P~. ##...#.#...# .#
#~~~ ##.##.#...+ #
##♣~~ #.##.#...#
.##.§~. #.##.#...+
#.#.§§§ #'##.#⌠8⌠#
#....§ ... #####
##.### ... #..#


You could see Dowan (fast).

Vanquished Creatures
  Duvessa (D:4)
  An ogre (D:4)
  A gnoll bouda (D:4)
  An iguana (D:4)
  4 orc wizards (D:3)
  The ghost of Splishie the Magician, a weakling SpEE (D:4)
  Robin (D:3)
  8 gnolls
  5 adders
  A shadow imp (D:4)
  4 white imps
  5 ufetubi (D:4)
  2 dart slugs (D:1)
  11 orcs
  5 ball pythons
  4 endoplasms
  2 giant cockroaches
  21 goblins
  8 hobgoblins
  5 jackals
  6 kobolds
  7 quokkas
  4 bats
  3 frilled lizards
  6 rats
117 creatures vanquished.

Vanquished Creatures (collateral kills)
  An orc (D:3)
1 creature vanquished.

Vanquished Creatures (others)
  9 demonic plants (D:4)
9 creatures vanquished.

Grand Total: 127 creatures vanquished

Notes
Turn   | Place    | Note
-------+----------+-------------------------------------------
     0 | D:1      | greasedhog the Gargoyle Berserker began the quest for the
                  | Orb.
     0 | D:1      | Reached XP level 1. HP: 14/14 MP: 1/1
    98 | D:1      | Reached XP level 2. HP: 12/19 MP: 2/2
   643 | D:1      | Found a faded altar of an unknown god.
   751 | D:1      | Reached XP level 3. HP: 24/24 MP: 3/3
  1001 | D:1      | Reached ** piety under Trog
  1486 | D:2      | Reached skill level 4 in Maces & Flails
  1486 | D:2      | Reached XP level 4. HP: 21/30 MP: 4/4
  2042 | D:2      | Identified the +2 scale mail "Irubluc" {rElec rC+ Str+6}
  2053 | D:2      | Reached XP level 5. HP: 32/34 MP: 5/5
  2314 | D:3      | Reached skill level 5 in Fighting
  2744 | D:3      | Noticed Robin
  2768 | D:3      | Killed Robin
  2775 | D:3      | Reached skill level 5 in Maces & Flails
  2975 | D:3      | Reached *** piety under Trog
  3172 | D:3      | Reached XP level 6. HP: 39/40 MP: 6/6
  3479 | D:3      | Reached skill level 1 in Evocations
  3481 | D:3      | HP: 1/40 [orc/+0 whip (4)]
  4403 | D:4      | Noticed Splishie's ghost (weakling SpEE)
  4405 | D:4      | Found a runed translucent door.
  4421 | D:4      | Killed Splishie's ghost
  4465 | D:4      | Identified the +1 robe of Greater Demons {rF+ Str+3
                  | Archmagi}
  4704 | D:4      | Reached XP level 7. HP: 44/44 MP: 7/7
  4801 | D:4      | Reached skill level 6 in Maces & Flails
  4924 | D:4      | Noticed Duvessa
  4924 | D:4      | Noticed Dowan
  4934 | D:4      | Killed Duvessa
  4946 | D:4      | Slain by Dowan

Illustrated notes

Levels and vault maps discovered:
D:1:      dpeg_arrival_erosion, layout_basic, serial_glass, glass_columns_a,
          glass_columns_c, shapermc_ecumenical_altar_notcrosses
D:2:      layout_loops_cross, kennysheep_path_1
D:3:      layout_basic, uniq_robin
D:4:      dreamdust_elfheim, layout_loops_corners,
          hellmonk_ghost_happy_afterlife, serial_demonic, serial_demonic_d,
          serial_demonic_f, serial_demonic_b, serial_demonic_d,
          serial_demonic_b, serial_demonic_f, serial_demonic_b

Skill      XL: |  1  2  3  4  5  6  7 |
---------------+----------------------+-----
Fighting       | 4 5 |  5.5
Maces & Flails | 4 5 6 |  6.4
Evocations     | 2 3 |  3.3
Armour         | |  2.1
Dodging        | |  1.5

Action                   |  1- 3 |  4- 6 |  7- 9 || total
-------------------------+-------+-------+-------++-------
Melee: Mace              |    90 |   310 |    29 ||   429
       Punch             |       |     2 |       ||     2
Throw: Throwing net      |       |       |     1 ||     1
Invok: Berserk           |       |     4 |     2 ||     6
Evoke: Wand              |       |     1 |       ||     1
  Use: Scroll            |     2 |     5 |       ||     7
       Potion            |       |     5 |       ||     5
 Stab: Paralysed         |       |     5 |       ||     5
Armor: Animal skin       |     6 |       |       ||     6
       Scale mail        |    43 |   230 |    14 ||   287
Dodge: Dodged            |    55 |   266 |    16 ||   337
